 Dungeon Crawl Stone Soup version 0.23.2-33-g5129a83184 (webtiles) character file.

Game seed: 3170597898110100802

4 troglodite the Magician (level 1, -1/20 HPs)
             Began as a Gnoll Wanderer on July 5, 2019.
             Slain by a jackal (3 damage)
             ... on level 1 of the Dungeon.
             The game lasted 00:00:59 (106 turns).

troglodite the Magician (Gnoll Wanderer)             Turns: 106, Time: 00:01:00

Health: -1/20      AC:  2    Str: 13    XL:     1   Next: 60%
Magic:  8/8        EV: 11    Int: 15    God:
Gold:   0          SH:  0    Dex: 14    Spells: 13/14 levels left

rFire    . . .     SeeInvis .   a - +0 blowgun
rCold    . . .     Gourm    .   (no shield)
rNeg     . . .     Faith    .   e - +0 robe
rPois    .         Spirit   .   (no helmet)
rElec    .         Reflect  .   (no cloak)
rCorr    .         Harm     .   (no gloves)
MR       .....                  (no boots)
Stlth    +.........             (no amulet)
HPRegen  0.06/turn              (no ring)
MPRegen  0.11/turn              (no ring)

@: no status effects
A: distributed training, fangs 1, strong nose
a: no special abilities


You were on level 1 of the Dungeon.
You were not hungry.

You visited 1 branch of the dungeon, and saw 1 of its levels.

Inventory:

Hand Weapons
 a - a +0 blowgun (weapon)
Armour
 e - a +0 robe (worn)
Scrolls
 b - a scroll of blinking {unknown}
 d - a scroll of identify {unknown}
Comestibles
 f - a ration


   Skills:
 + Level 4.4 Fighting
 + Level 0.0 Short Blades
 + Level 0.0 Long Blades
 + Level 0.0 Axes
 + Level 0.0 Maces & Flails
 + Level 0.0 Polearms
 + Level 0.0 Staves
 + Level 0.0 Slings
 + Level 0.0 Bows
 + Level 0.0 Crossbows
 + Level 4.4 Throwing
 + Level 2.3 Armour
 + Level 0.0 Dodging
 + Level 0.0 Stealth
 + Level 0.0 Shields
 + Level 0.0 Unarmed Combat
 + Level 7.0 Spellcasting
 + Level 0.0 Conjurations
 + Level 3.6 Hexes
 + Level 0.0 Charms
 + Level 0.0 Summonings
 + Level 0.0 Necromancy
 + Level 0.0 Translocations
 + Level 0.0 Transmutations
 + Level 0.0 Fire Magic
 + Level 0.0 Ice Magic
 + Level 0.0 Air Magic
 + Level 0.0 Earth Magic
 + Level 0.0 Poison Magic
 + Level 0.1 Invocations
 + Level 0.0 Evocations


You had 13 spell levels left.
You knew the following spells:

 Your Spells              Type           Power        Failure   Level  Hunger
a - Corona                Hex            ###....      3%          1    None

Your spell library contained the following spells:

 Spells                   Type           Power        Failure   Level  Hunger
 Confuse                  Hex            ###.....     9%          3    ##.....
 Tukima's Dance           Hex            ###.....     9%          3    ##.....
 Ensorcelled Hibernation  Hex/Ice        ##....       10%         2    None
 Dazzling Spray           Conj/Hex       ##....       19%         3    ##.....
 Song of Slaying          Chrm           #.......     21%         2    None
 Swiftness                Chrm/Air       #.......     21%         2    None


Dungeon Overview and Level Annotations

Branches:
Dungeon (1/15)

Altars:


Innate Abilities, Weirdness & Mutations

Your experience applies equally to all skills.
You have very sharp teeth.
Your uncanny sense of smell can sniff out nearby items.


Message History

The jackal bites you. x2
* * * LOW HITPOINT WARNING * * *
You clumsily bash the jackal but do no damage.
The jackal is almost dead.
The jackal closely misses you. x2
You closely miss the jackal.
The jackal barks!
You bite the jackal, but do no damage.
The jackal is almost dead.
The jackal misses you. The jackal bites you.
* * * LOW HITPOINT WARNING * * *
You are too injured to fight recklessly!
Unknown command.
Firing (i - inventory)
c - a poisoned needle (quivered)
Press: ? - help, Shift-Dir - straight line, f/p - jackal
Aim: a jackal (almost dead)
You shoot a poisoned needle. The poisoned needle hits the jackal.
The jackal is almost dead.
The jackal bites you.
You die...

...... ....# ###∆##
....# #.# #. #...#
#.###. # #.#.# #.....
##.####.#.### ###.##
............# #.#
##........###.#######.##
..#####@#.#.............
.∆ #h#.#.#####.#####.
... #g#.# #...#.# #<
...(###h#.###.###.### ##
..h....(#.....#.....#
(..(...)#.###.###.###
(....(..#.#.#...#.#
.....((.#.#.#####.#####.
.....##.#...............


You could see 2 jackals and a goblin.

Vanquished Creatures
  2 bats (D:1)
  A hobgoblin (D:1)
3 creatures vanquished.

Notes
Turn   | Place    | Note
-------+----------+-------------------------------------------
     0 | D:1      | troglodite the Gnoll Wanderer began the quest for the Orb.
     0 | D:1      | troglodite set off with the following items: a +0 blowgun,
                  | 11 poisoned needles, a +0 robe, a ration; and the following
                  | spell memorised: Corona; and the following spells available
                  | to memorise: Confuse, Tukima's Dance, Ensorcelled
                  | Hibernation, Dazzling Spray, Song of Slaying, Swiftness
     0 | D:1      | Reached XP level 1. HP: 20/20 MP: 8/8
   106 | D:1      | Slain by a jackal

Action                   || total
-------------------------++-------
Melee: Blowgun           ||    15
       Bite              ||     3
 Fire: Blowgun           ||    13
Armor: Robe              ||    10
Dodge: Dodged            ||    21
